 Dungeon Crawl Stone Soup version 0.26.1 (webtiles) character file.

Game seed: 3765767649592130003

21 Descartes the Sneak (level 2, 0/14 HPs)
             Began as a Felid Delver on Feb 5, 2021.
             Was an Initiate of Dithmenos.
             Slain by a giant cockroach (2 damage)
             ... on level 4 of the Dungeon.
             The game lasted 00:02:22 (656 turns).

Descartes the Sneak (Felid Delver)                   Turns: 656, Time: 00:02:23

Health: 0/14       AC:  1    Str:  8    XL:     2   Next: 65%
Magic:  3/3        EV: 18    Int: 11    God:    Dithmenos [......]
Gold:   41         SH:  0    Dex: 17    Spells: 1/1 levels left
                                        Lives:  0   Deaths: 0

rFire    . . .     SeeInvis +     - Unarmed
rCold    . . .     Faith    .   (shield unavailable)
rNeg     . . .     Spirit   .   (armour unavailable)
rPois    .         Reflect  .   (helmet unavailable)
rElec    .         Harm     .   (cloak unavailable)
rCorr    .         Rampage  .   (gloves unavailable)
Will     .....                  (boots unavailable)
Stlth    ++++......             (no amulet)
HPRegen  0.04/turn              (no ring)
MPRegen  0.08/turn              (no ring)

@: quick
A: very small, no armour, no weapons or thrown items, stealth, claws 1, fangs 3,
see invisible, speed 1, shaggy fur 1, sharp paws
a: Renounce Religion


You were on level 4 of the Dungeon.
You worshipped Dithmenos.
Dithmenos was noncommittal.
You visited 1 branch of the dungeon, and saw 2 of its levels.

You collected 41 gold pieces.

Inventory:

Wands
 e - a wand of digging (7)
 f - a wand of paralysis (8)
Scrolls
 a - a scroll of fog
 b - a scroll of magic mapping
 c - a scroll of fear
 g - a scroll of identify {unknown}
Potions
 d - a potion of haste


   Skills:
 - Level 3.0 Fighting
 - Level 2.6 Dodging
 + Level 7.7 Stealth
 - Level 2.0 Unarmed Combat


You had one spell level left.
You didn't know any spells.
Your spell library was empty.

Dungeon Overview and Level Annotations

Branches:
Dungeon (5/15)
 Temple: D:4-7

Altars:
Dithmenos
Okawaru

Annotations:
D:5 Grinder


Innate Abilities, Weirdness & Mutations

You cannot wear armour.
You are incapable of wielding weapons or throwing items.
Your paws allow you to move quietly. (Stealth)
You have sharp claws.
You have razor-sharp teeth.
You have supernaturally acute eyesight. (SInv)
You cover ground quickly.
You are covered in fur. (AC +1)
Your sharp claws are effective at attacking unaware monsters.


Message History

You closely miss the adder.
The adder is severely wounded.
The adder bites you.
* * * LOW HITPOINT WARNING * * *
You closely miss the adder.
The adder is severely wounded.
The adder misses you. The adder closely misses you.
You miss the adder. You bite the adder.
You kill the adder!
Dithmenos accepts your kill.
Found a leather armour.
Found a stone staircase leading down.
You start resting.
A giant cockroach comes into view.
The giant cockroach moves out of view.
A giant cockroach is nearby!
The giant cockroach barely misses you. The giant cockroach closely misses you.
You are too injured to fight recklessly!
You are too injured to fight recklessly!
You barely miss the giant cockroach. The giant cockroach bites you.
You die...

### ..# #########
#.####.......#
#.........B.#
##.##.#####@#
#.......##.#
#######.##.##.##.#
########
....##.###.##.##.#
#....... .###...#
#.......# #.###...
#...# ####.##.#
#.# #.#. #.#.#
#.##.# #.# #...
......#####.##.#
#.# #..#
##[.............#
#.# #...


You could see a giant cockroach.

Vanquished Creatures
  A worker ant zombie (D:5)
  An adder (D:4)
  A giant cockroach (D:5)
3 creatures vanquished.

Notes
Turn   | Place    | Note
-------+----------+-------------------------------------------
     0 | D:5      | Descartes the Felid Delver began the quest for the Orb.
     0 | D:5      | Reached XP level 1. HP: 10/10 MP: 2/2
     2 | D:5      | Noticed Grinder
     6 | D:5      | Found a shadowy altar of Dithmenos.
    35 | D:5      | Became a worshipper of Dithmenos the Shadowed
    81 | D:5      | Reached skill level 7 in Stealth
    81 | D:5      | Reached XP level 2. HP: 14/14 MP: 3/3
   105 | D:5      | Found an iron altar of Okawaru.
   491 | D:5      | Noticed a scorpion
   656 | D:4      | Slain by a giant cockroach

Illustrated notes

Levels and vault maps discovered:
D:4:      layout_loops_ring, grunt_temple_overflow_order_and_chaos_2,
          chequers_temple_overflow_minitemple, nicolae_tso_besieged_by_evil
D:5:      layout_basic, lemuel_doored_altar, basic_altar, uniq_grinder,
          uniq_menkaure

Skill      XL: |  1 |
---------------+----+-----
Stealth        | 7 |  7.7
Fighting       | |  3.0
Dodging        | |  2.6
Unarmed Combat | |  2.0

Action                   || total
-------------------------++-------
Melee: Unarmed           ||    29
       Bite              ||     1
 Stab: Sleeping          ||     2
Dodge: Dodged            ||    27
